AoeStats
← クマ豚男

Arabia

510899788Analyzed
1v1 RM · 22h ago on Oct 3, 2026· 33m 17s· 2 players
Game mode
Random Map
Map size
Tiny (2 player)
Population
200
Speed
Normal
Resources
Standard
Victory
Conquest
Starting age
Dark Age
Ending age
Imperial Age
RankedLock teamsTeams togetherTeam positionsShared explorationLock speedFull tech treeHidden civsTurbo modeCheats
Victory
Defeat
🇲🇽 Tatars · Mexico
1617
+14
🇲🇽 Spanish · Mexico
1583
-14
Sin_Teclado
0:49 Loom
10:33 Feudal Age
14:18 Castle Age
18:11 Padded Archer Armor
19:57 Leather Archer Armor
21:09 Bloodlines
25:45 Husbandry
26:47 Town Watch
クマ豚男
6:28 Loom
8:43 Feudal Age
9:36 Double-Bit Axe
10:37 Horse Collar
20:31 Castle Age
20:02 Fletching
21:30 Bodkin Arrow
22:24 Padded Archer Armor
22:39 Bloodlines
22:30 Husbandry
23:31 Ballistics
25:26 Leather Archer Armor
Connection lost

Rejoining the realm…

Still unreachable

The connection could not be restored.

Session expired

The server has moved on; the page needs a fresh start.